 Dungeon Crawl Stone Soup version 0.29.1-15-g9cfb28693d (webtiles) character file.

Game seed: 16195920835059881594

4 112233 the Sneak (level 1, 0/15 HPs)
             Began as a Naga Enchanter on Feb 23, 2023.
             Slain by a ball python (2 damage)
             ... on level 1 of the Dungeon.
             The game lasted 00:00:40 (356 turns).

112233 the Sneak (Naga Enchanter)                    Turns: 356, Time: 00:00:41

Health: 0/15       AC:  1    Str: 10    XL:     1   Next: 60%
Magic:  3/3        EV:  9    Int: 15    God:
Gold:   0          SH:  0    Dex: 11    Spells: 4/4 levels left

rFire   . . .      SeeInvis +   f - +0 sling
rCold   . . .      Faith    .   (no shield)
rNeg    . . .      Spirit   .   b - +0 robe
rPois   +          Reflect  .   (no helmet)
rElec   .          Harm     .   (no cloak)
rCorr   .          Rampage  .   (no gloves)
Will    .....                   (no barding)
Stlth   ++........              (no amulet)
HPRegen 0.05/turn               (no ring)
MPRegen 0.08/turn               (no ring)

@: short of breath, very slow
A: AC +0, large, see invisible, deformed body, poison resistance, slowness 2,
spit poison 1, naga tail 1
a: Spit Poison


You were on level 1 of the Dungeon.
You visited 1 branch of the dungeon, and saw 1 of its levels.

Inventory:

Hand Weapons
 a - a +1 dagger
 f - a +0 sling (weapon)
 g - a +0 spear
Armour
 b - a +0 robe (worn)
 e - a +3 leather armour
Scrolls
 d - a scroll of poison {unknown}
Potions
 c - 2 potions of invisibility


   Skills:
 + Level 1.1 Short Blades
 + Level 1.6 Dodging
 + Level 4.5 Stealth
 + Level 2.0 Spellcasting
 + Level 3.0 Hexes


You had 4 spell levels left.
You didn't know any spells.
Your spell library contained the following spells:

 Spells                   Type           Power      Damage    Failure   Level
 Ensorcelled Hibernation  Hex/Ice        12%        N/A       19%         2
 Confusing Touch          Hex            10%        N/A       19%         3
 Tukima's Dance           Hex            10%        N/A       19%         3
 Dazzling Flash           Conj/Hex       12%        N/A       34%         3


Dungeon Overview and Level Annotations

Branches:
Dungeon (1/15)

Altars:


Innate Abilities, Weirdness & Mutations

Your serpentine skin is tough. (AC +0)
You have supernaturally acute eyesight. (SInv)
Armour fits poorly on your strangely shaped body.
Your system is resistant to poisons. (rPois)
You cover ground very slowly.
You can spit poison.
You have a snake-like lower body.


Message History

Okay, then.
f - a +0 sling (weapon)
You have got your breath back.
You shoot a sling bullet. The sling bullet hits the bat.
You kill the bat!
You hear an angry hiss.
You shoot a sling bullet.
The sling bullet closely misses the ball python.
You shoot a sling bullet.
The sling bullet barely misses the ball python.
The ball python bites you but does no damage.
You shoot a sling bullet.
The sling bullet closely misses the ball python.
The ball python closely misses you. The ball python misses you.
You shoot a sling bullet.
The sling bullet hits the ball python but does no damage.
The ball python barely misses you.
You shoot a sling bullet.
The sling bullet closely misses the ball python.
The ball python bites you. x2
You are too injured to fight recklessly!
You are too injured to fight recklessly!
Aiming: Spit Poison (3% risk of failure)
Press: ? - help, Shift-Dir - straight line, f/p - ball python
Aim: a ball python (48% to hit)
The splash of poison misses the ball python.
The ball python bites you.
* * * LOW HITPOINT WARNING * * *
Unknown command.
You are too injured to fight recklessly!
You are too injured to fight recklessly!
Fire: f) +0 sling
Press: ? - help, Q - select action, (/) - cycle Shift-Dir - straight line, f/p - ball python
Aim: a ball python (45% to hit)
You shoot a sling bullet.
The sling bullet closely misses the ball python.
The ball python bites you.
* * * LOW HITPOINT WARNING * * *
The ball python bites you.
You die...

#.....# #######.....#
............#
............#
.......#†...#
.......#....#
.......#S...#
........@...#
####.......######
#....#####...## #.#
#)..$# ##..#..###.#
#.######..#.#..#..###
#........#...#......#
##..#####.....#####.#
#...#...........#..#
###..#.........#..##


You could see a ball python.

Vanquished Creatures
  A bat (D:1)
  A hobgoblin (D:1)
  A kobold (D:1)
3 creatures vanquished.

Notes
Turn   | Place    | Note
-------+----------+-------------------------------------------
     0 | D:1      | 112233 the Naga Enchanter began the quest for the Orb.
     0 | D:1      | Reached XP level 1. HP: 15/15 MP: 3/3
   356 | D:1      | Slain by a ball python

Illustrated notes

Levels and vault maps discovered:
D:1:      scummos_arrival_star, layout_basic, serial_shops,
          nicolae_shop_hallway_plus

Action                   || total
-------------------------++-------
Melee: Dagger            ||     3
 Fire: Sling             ||     7
 Abil: Spit Poison       ||     3
Armor: Robe              ||     5
Dodge: Dodged            ||     5
